 Dungeon Crawl Stone Soup version 0.31-a0-949-g57150269e1 (webtiles) character file.

Game seed: 698121607907298179

689 garrulousMonolith the Trooper (level 7, -3/44 HPs)
             Began as a Gargoyle Fighter on Oct 22, 2023.
             Slain by an ogre
             ... wielding a +0 giant spiked club
              (18 damage)
             ... on level 5 of the Dungeon.
             The game lasted 00:04:03 (3701 turns).

garrulousMonolith the Trooper (Gargoyle Fighter)    Turns: 3701, Time: 00:04:04

Health: -3/44      AC: 13    Str: 22    XL:     7   Next: 63%
Magic:  0/7        EV: 10    Int: 14    God:
Gold:   226        SH:  4    Dex:  9    Spells: 6/6 levels left

rFire   . . .        m - +2 flail (protect)
rCold   . . .        c - +0 buckler
rNeg    + . .        b - +0 scale mail
rPois   ∞            (no helmet)
rElec   +            e - +0 cloak
rCorr   .            (no gloves)
SInv    .            (no boots)
Will    .....        j - amulet of guardian spirit Stlth
                     y - +6 ring of intelligence
HPRegen 0.27/turn    (no ring)
MPRegen 0.10/turn

%: guardian spirit
@: mighty
A: sickness immunity, AC +4, negative energy resistance 1, electricity
resistance, torment resistance 1, petrification resistance
a: no special abilities


You were on level 5 of the Dungeon.
You visited 1 branch of the dungeon, and saw 5 of its levels.

You collected 226 gold pieces.

Inventory:

Hand Weapons
 a - a +0 flail
 m - a +2 flail of protection (weapon)
Missiles
 o - 6 poisoned darts (quivered)
 z - a throwing net
Armour
 b - a +0 scale mail (worn)
 c - a +0 buckler (worn)
 e - a +0 cloak (worn)
Jewellery
 j - an amulet of guardian spirit (around neck)
 p - an amulet of the acrobat
 y - a +6 ring of intelligence (left hand)
Wands
 r - a wand of charming (11)
Scrolls
 g - a scroll of teleportation
 h - a scroll of silence {unknown}
 i - a scroll of poison {unknown}
 k - a scroll of amnesia
 l - a scroll of noise {unknown}
 n - a scroll of enchant weapon {unknown}
 t - a scroll of torment {unknown}
 v - a scroll of identify {unknown}
Potions
 f - 3 potions of heal wounds {unknown}
 q - a potion of berserk rage {unknown}
 s - a potion of curing {unknown}
 u - a potion of degeneration {unknown}
 w - a potion of resistance {unknown}
 x - a potion of enlightenment {unknown}
 A - a potion of haste {unknown}


   Skills:
 + Level 5.0 Fighting
 * Level 4.9 Maces & Flails
 + Level 4.9 Armour
 + Level 2.3 Dodging
 + Level 4.8 Shields


You had 6 spell levels left.
You didn't know any spells.
Your spell library was empty.

Dungeon Overview and Level Annotations

Branches:
Dungeon (5/15)
 Temple: D:4-7

Altars:

Shops:
D:2 (   D:3 (


Innate Abilities, Weirdness & Mutations

You are immune to sickness and miasma.
Your stone body is resilient. (AC +4)
You are immune to poison.
You resist negative energy. (rN+)
You are resistant to electric shocks. (rElec)
You are resistant to unholy torment.
You are immune to petrification.


Message History

You are too injured to fight recklessly!
You are too injured to fight recklessly!
You are too injured to fight recklessly!
You are too injured to fight recklessly!
You are too injured to fight recklessly!
You are too injured to fight recklessly!
You are too injured to fight recklessly!
You are too injured to fight recklessly!
You are too injured to fight recklessly!
You are too injured to fight recklessly!
You are too injured to fight recklessly!
You are too injured to fight recklessly!
The adder attacks as it pursues you! The adder bites you but does no damage.
Things that are here:
a +0 dagger; an orc corpse You feel very mighty all of a sudden.
The adder barely misses you.
You sock the adder!
The adder is almost dead.
The adder barely misses you. The adder bites you but does no damage.
You completely miss the adder.
The adder is almost dead.
The adder barely misses you.
You closely miss the adder.
The adder is almost dead.
The adder closely misses you. The adder bites you but does no damage.
You barely miss the adder.
The adder is almost dead.
The adder closely misses you.
You closely miss the adder.
The adder is almost dead.
The adder barely misses you. The adder bites you but does no damage.
You sock the adder!
Your weapon exudes an aura of protection.
You kill the adder!
Your Fighting skill increases to level 5!
You barely miss the ogre. The ogre hits you but does no damage.
You closely miss the ogre.
The ogre hits you with a +0 giant spiked club!!
You die...

# ..# #
###.#
#...# ###
#.#.#
..##
#...#
#..######
#.#.+
##......#
#..†#
###.....#
#.#O#
.##†....#
#.@.#
........#
###.#
###)....#
#...#
#.....#
#.#.#
#.....#
#...#
#.....#
#.#.#
#####.#
#...#
#.##
#.#.#
#))#
#...#


You could see an ogre.

Vanquished Creatures
  2 ice beasts
  2 scorpions
  A howler monkey (D:4)
  Jessica (D:2)
  3 iguanas
  12 gnolls
  5 adders
  A worm (D:3)
  3 dart slugs
  An orc (D:5)
  9 bats
  6 endoplasms
  2 giant cockroaches
  2 goblins
  7 hobgoblins
  4 jackals (D:3)
  5 quokkas
  9 ball pythons
  4 frilled lizards
  9 kobolds
  7 rats
95 creatures vanquished.

Notes
Turn   | Place    | Note
-------+----------+-------------------------------------------
     0 | D:1      | garrulousMonolith the Gargoyle Fighter began the quest for
                  | the Orb.
     0 | D:1      | Reached XP level 1. HP: 14/14 MP: 1/1
   151 | D:1      | Reached XP level 2. HP: 18/19 MP: 2/2
   366 | D:1      | Found a faded altar of an unknown god.
   537 | D:1      | Reached XP level 3. HP: 23/23 MP: 3/3
  1155 | D:2      | Noticed Jessica
  1160 | D:2      | Killed Jessica
  1161 | D:2      | Reached XP level 4. HP: 27/29 MP: 4/4
  1177 | D:2      | Found Cosipiot's Weapon Emporium.
  1237 | D:2      | You fall into a shaft and drop 2 floors!
  1340 | D:3      | Reached skill level 1 in Dodging
  1609 | D:3      | Identified the +0 ring mail "Bihou" {rElec Will+ Int+4}
  2071 | D:3      | Found Xecisoef's Antique Weapon Boutique.
  2093 | D:3      | Reached XP level 5. HP: 33/33 MP: 5/5
  2596 | D:4      | Reached skill level 4 in Fighting
  3121 | D:4      | Reached XP level 6. HP: 39/39 MP: 6/6
  3187 | D:4      | Noticed an ice beast
  3207 | D:4      | Killed an ice beast
  3396 | D:5      | Entered Level 5 of the Dungeon
  3396 | D:5      | Noticed an ice beast
  3406 | D:5      | Killed an ice beast
  3407 | D:5      | Reached XP level 7. HP: 34/44 MP: 7/7
  3700 | D:5      | Reached skill level 5 in Fighting
  3701 | D:5      | Slain by an ogre

Illustrated notes

Levels and vault maps discovered:
D:1:      dpeg_arrival_another_circle, layout_loops_corners,
          chequers_ecumenical_altar_island
D:2:      layout_rooms, serial_shops, shop, corner_web_ring, uniq_jessica
D:3:      layout_basic, serial_curves, eino_curves_02, eino_curves_01,
          eino_curves_01, eino_curves_01, serial_shops, shop
D:4:      layout_basic
D:5:      layout_rooms, gammafunk_ghost_abyssal_escape,
          minmay_misc_feat_diagonals, dk_noncrumbling_2,
          hangedman_minor_gate_pass

Skill      XL: |  1  2  3  4  5  6  7 |
---------------+----------------------+-----
Maces & Flails | 3 4 |  4.9
Dodging        | 1 2 |  2.3
Armour         | 4 |  4.9
Fighting       | 4 5 |  5.0
Shields        | 4 |  4.8

Action                     |  1- 3 |  4- 6 |  7- 9 || total
---------------------------+-------+-------+-------++-------
  Melee: Flail             |    86 |   178 |    62 ||   326
  Throw: Dart              |       |     1 |       ||     1
    Use: Scroll            |       |     2 |       ||     2
         Potion            |       |       |     1 ||     1
 Armour: Scale mail        |    59 |   108 |    81 ||   248
  Dodge: Dodged            |    45 |    83 |    36 ||   164
  Block: Buckler           |    15 |    43 |    13 ||    71

Table legend: (Time is in decaauts)
 A = Elapsed time spent in this place.
 B = Non-inter-level travel time spent in this place.
 C = Inter-level travel time spent in this place.
 D = Time resting spent in this place.
 E = Time spent auto-exploring this place.
 F = Levels seen in this place.
 G = Mean time per level.
                   A        B        C        D        E       F      G
               +--------+--------+--------+--------+--------+-----+--------+
         Total |   3783 |   3557 |    226 |    153 |   2665 |   5 |  756.6 |
       Dungeon |   3783 |   3557 |    226 |    153 |   2665 |   5 |  756.6 |
               +--------+--------+--------+--------+--------+-----+--------+

Top non-repeatable levels by time:
     D:1: 1118 daAuts
     D:3: 1060 daAuts
     D:4: 862 daAuts
     D:2: 425 daAuts
     D:5: 317 daAuts
